 Dungeon Crawl Stone Soup version 0.22.1-1-ga44c0e5 (webtiles) character file.

69365 MalarOregon the Spry (level 15, -12/125 HPs)
             Began as a Merfolk Gladiator on Oct 9, 2018.
             Was the Champion of Zin.
             Mangled by a very large slime creature (38 damage)
             ... on level 1 of the Swamp on Nov 7, 2018.
             The game lasted 01:59:15 (26745 turns).

MalarOregon the Spry (Merfolk Gladiator)           Turns: 26745, Time: 01:59:16

Health: -12/125    AC: 18    Str: 20    XL:     15   Next: 29%
Magic:  0/24       EV: 23    Int: 13    God:    Zin [******]
Gold:   1744       SH:  9    Dex: 22    Spells: 12/27 levels left

rFire    + . .     SeeInvis .   a - +1 trident (flame)
rCold    + . .     Gourm    .   Q - +3 warlock's mirror {reflect}
rNeg     . . .     Faith    .   t - +5 chain mail "Xylupya" {+Blink rPois Str+4 Int-3}
rPois    +         Spirit   +   c - +2 helmet
rElec    +         Reflect  +   H - scarf {rC+ rF+}
rCorr    +         Harm     .   w - +0 pair of gloves
MR       +....                  F - +0 pair of boots
Stlth    ..........             C - amulet of guardian spirit
HPRegen  0.30/turn              j - +5 ring of evasion
MPRegen  0.19/turn              I - ring "Vicyhe Caxa" {rCorr rElec Int+4 Dex+6 Stlth+}

@: drained
A: change form in water, swift swim, stealthy swim
a: Recite, Vitalisation, Imprison, Sanctuary, Donate Gold, Renounce Religion,
Evoke Blink


You were on level 1 of the Swamp.
You worshipped Zin.
Zin was exalted by your worship.
You were not hungry.

You visited 4 branches of the dungeon, and saw 19 of its levels.
You also visited: Sewer and Volcano.

You collected 1922 gold pieces.
You donated 178 gold pieces to Zin.

Inventory:

Hand Weapons
 a - a +1 trident of flaming (weapon)
 b - a +0 blowgun
   (You took it off a kobold in a sewer)
Missiles
 g - 43 poisoned needles
 h - 3 tomahawks (quivered)
 i - 9 javelins
 M - 3 throwing nets {!f}
 T - 14 curare-tipped needles {!f}
Armour
 c - a +2 helmet (worn)
 t - the +5 chain mail "Xylupya" (worn) {+Blink rPois Str+4 Int-3}
   (You found it on level 11 of the Dungeon)

   It affects your strength (+4).
   It affects your intelligence (-3).
   It protects you from poison.
   It lets you blink.
 w - a +0 pair of gloves (worn)
   (You found it on level 5 of the Dungeon)
 F - a +0 pair of boots (worn)
   (You found it on level 4 of the Dungeon)
 H - a scarf of resistance (worn)
   (You found it on level 8 of the Dungeon)
 J - a +3 chain mail of fire resistance
   (You found it in a volcano)
 Q - the +3 warlock's mirror (worn) {reflect}
   (You found it on level 1 of the Lair of Beasts)
Jewellery
 j - a +5 ring of evasion (left hand)
   (You took it off an orc on level 5 of the Dungeon)
 o - an uncursed ring of protection from cold
   (You found it on level 5 of the Lair of Beasts)
 z - an uncursed ring of see invisible
   (You found it on level 3 of the Dungeon)
 C - an amulet of guardian spirit (around neck)
   (You found it on level 4 of the Lair of Beasts)
 I - the ring "Vicyhe Caxa" (right hand) {rCorr rElec Int+4 Dex+6 Stlth+}
   (You found it on level 1 of the Swamp)

   [ring of resist corrosion]

   It affects your intelligence (+4).
   It affects your dexterity (+6).
   It insulates you from electricity.
   It makes you more stealthy.
 L - a +4 ring of dexterity
   (You found it on level 10 of the Dungeon)
Wands
 d - a wand of iceblast (12)
   (You found it on level 8 of the Dungeon)
 u - a wand of paralysis (7)
   (You found it on level 11 of the Dungeon)
 v - a wand of digging (54)
   (You found it on level 11 of the Dungeon)
 x - a wand of acid (9)
   (You found it on level 3 of the Lair of Beasts)
 U - a wand of clouds (3)
   (You took it off Sonja on level 3 of the Lair of Beasts)
Scrolls
 k - 4 scrolls of blinking
 l - 3 scrolls of identify {@r1}
 m - 5 scrolls of teleportation {@r4}
 q - 6 scrolls of remove curse {@r2}
 r - a scroll of acquirement {unknown}
 y - a scroll of fog {unknown}
 D - 2 scrolls of amnesia
 N - 3 scrolls of enchant weapon
 R - 3 scrolls of magic mapping
 V - a scroll of fear
 Y - a scroll of silence {unknown}
Potions
 f - 8 potions of flight
 n - 5 potions of curing {@q1}
 p - 3 potions of haste {@q3}
 s - 2 potions of might
 A - 3 potions of brilliance
 B - 9 potions of agility
 E - 2 potions of magic
 G - a potion of invisibility
 K - 2 potions of cancellation
 O - 2 potions of berserk rage
 P - 4 potions of mutation
 S - 2 potions of heal wounds {@q2}
 W - a potion of resistance
Comestibles
 e - 19 rations {!d}
 X - a chunk of flesh


   Skills:
 + Level 13.6(13.4) Fighting
 - Level 14.0(13.7) Polearms
 - Level 10.0(9.7) Throwing
 + Level 1.5(1.3) Armour
 - Level 16.0(15.7) Dodging
 - Level 4.0(3.8) Shields
 + Level 6.5(6.2) Spellcasting
 + Level 4.7(4.5) Summonings
 + Level 5.2(5.0) Ice Magic
 + Level 7.8(7.5) Invocations
 + Level 7.0(6.7) Evocations


You had 12 spell levels left.
You knew the following spells:

 Your Spells              Type           Power        Failure   Level  Hunger
a - Summon Hydra          Summ           ###.......   100%        7    #######
c - Call Canine Familiar  Summ           ###.....     65%         3    ###....
d - Summon Ice Beast      Ice/Summ       ###.....     95%         4    ####...
n - Summon Butterflies    Summ           ###.....     30%         1    None

Your spell library contained the following spells:

 Spells                   Type           Power        Failure   Level  Hunger
 Animate Skeleton         Necr           N/A          89%         1    None
 Pain                     Necr           #...         89%         1    None
 Portal Projectile        Hex/Tloc       #.....       99%         3    ###....
 Regeneration             Chrm/Necr      #.........   99%         3    ###....
 Vampiric Draining        Necr           #.........   99%         3    ###....
 Animate Dead             Necr           N/A          100%        4    ####...
 Cause Fear               Hex            #.........   100%        4    ####...
 Ice Form                 Ice/Tmut       ##......     100%        4    ####...
 Leda's Liquefaction      Hex/Erth       #.........   100%        4    ####...
 Bolt of Magma            Conj/Fire/Erth #.........   100%        5    ######.
 Fireball                 Conj/Fire      #.........   100%        5    ######.
 Metabolic Englaciation   Hex/Ice        ##........   100%        5    ######.
 Silence                  Hex/Air        #.........   100%        5    ######.
 Summon Mana Viper        Hex/Summ       #.......     100%        5    ######.
 Yara's Violent Unravell  Hex/Tmut       #.........   100%        5    ######.
 Bolt of Cold             Conj/Ice       ##........   100%        6    #######
 Deflect Missiles         Chrm/Air       #.........   100%        6    #######
 Freezing Cloud           Conj/Ice/Air   #.........   100%        6    #######
 Iron Shot                Conj/Erth      #.........   100%        6    #######
 Ozocubu's Refrigeration  Ice            ###.......   100%        6    #######
 Simulacrum               Ice/Necr       ##........   100%        6    #######
 Statue Form              Tmut/Erth      #........    100%        6    #######
 Discord                  Hex            #.........   100%        8    #######
 Shatter                  Erth           #.........   100%        9    #######


Dungeon Overview and Level Annotations

Branches:
Dungeon (11/15)            Temple (1/1) D:5            Lair (6/6) D:11
  Swamp (1/4) Lair:3       Spider (0/4) Lair:4        Slime (0/5) Lair:5
    Orc: D:9-12

Altars:
Ashenzari
Cheibriados
Dithmenos
Elyvilon
Fedhas
Gozag
Hepliaklqana
Kikubaaqudgha
Makhleb
Nemelex Xobeh
Okawaru
Qazlal
Ru
Sif Muna
Trog
Uskayaw
Vehumet
Wu Jian
Xom
Yredelemnul
Zin
The Shining One
Jiyva

Annotations:
D:5 1 runed door


Message History

Aim: a large slime creature (water, severely wounded)
You throw a tomahawk.
The tomahawk hits the large slime creature but does no damage.
You hear a splash.
You hit the large slime creature. You burn the large slime creature.
You barely miss the large slime creature.
Your tail-slap misses the large slime creature.
You block the large slime creature's attack.
The slime creature quivers.
You hit the large slime creature. You burn the large slime creature.
You tail-slap the large slime creature.
Two slime creatures merge to form a very large slime creature.
Your +0 pair of boots unmelds from your body.
Your legs become a tail as you enter the water.
Your +0 pair of boots melds into your body.
Attack whom?
Aim: a very large slime creature (water, severely wounded)
You reach to attack!
You puncture the very large slime creature!
You burn the very large slime creature.
Your +0 pair of boots unmelds from your body.
Your legs become a tail as you enter the water.
Your +0 pair of boots melds into your body.
Attack whom?
Aim: a very large slime creature (severely wounded)
You reach to attack!
You puncture the very large slime creature!
You burn the very large slime creature.
Your +0 pair of boots unmelds from your body.
Attack whom?
Aim: a very large slime creature (severely wounded)
You reach to attack!
You hit the very large slime creature but do no damage.
Attack whom?
Aim: a very large slime creature (severely wounded)
You reach to attack!
You hit the very large slime creature. You burn the very large slime creature.
Your legs become a tail as you enter the water.
Your +0 pair of boots melds into your body.
Your +0 pair of boots unmelds from your body.
Attack whom?
Aim: a very large slime creature (severely wounded)
You reach to attack!
You puncture the very large slime creature!
You burn the very large slime creature.
You puncture the very large slime creature!
You burn the very large slime creature!
You completely miss the very large slime creature.
The very large slime creature hits you!!!
You die...

♣♣♣ ♣ ♣♣.♣♣♣♣ ♣♣♣ ♣♣
♣♣♣♣♣♣♣.....♣ ♣♣♣♣♣♣♣.. ≈♣
♣♣♣♣♣♣......@♣≈≈..≈♣♣.≈....≈≈
.♣♣♣♣......♣♣♣♣♣J♣≈≈≈..♣♣.....≈≈≈
..†...♣♣♣♣♣♣.....♣≈..♣♣≈♣≈.§.♣...
.♣♣♣♣♣♣≈.........♣♣♣♣♣≈.♣..≈♣♣.≈.
♣♣≈.......≈♣♣♣♣♣.♣ ♣..≈..♣♣♣.≈≈
.....≈♣♣♣♣♣♣.....♣♣♣♣♣.....≈♣..≈.
≈.≈♣♣♣♣≈.........♣♣≈♣≈.......≈.≈≈
..........≈♣♣♣♣♣J♣§≈.♣≈≈≈≈≈...≈.≈
..≈≈≈..≈♣♣♣♣.....♣≈§.≈≈≈≈≈≈...♣..


You could see a very large slime creature and a slime creature.

Vanquished Creatures
  Roxanne (Swamp:1)
  Josephine (Swamp:1)
  2 fire dragons
  7 hydras
  A catoblepas (Lair:6)
  2 alligators (Swamp:1)
  6 two-headed ogres
  6 death yaks
  Sonja (Lair:3)
  An iron troll (D:11)
  An unseen horror (D:10)
  2 swamp dragons (Swamp:1)
  A deep troll (D:11)
  4 lindwurms (Lair:6)
  An ugly thing (D:11)
  A deep elf mage (D:10)
  An oklob plant (Lair:1)
  2 wolf spiders (Lair:4)
  3 salamanders (Volcano)
  2 manticores (Lair:6)
  11 elephants
  4 black mambas
  9 torpor snails (Lair:6)
  17 spiny frogs
  3 rime drakes (Lair:6)
  6 komodo dragons
  8 trolls (D:11)
  A polar bear (Lair:3)
  2 bog bodies (Swamp:1)
  7 hornets (Lair:6)
  Grinder (D:3)
  A slime creature (Swamp:1)
  10 hippogriffs
  6 tyrant leeches
  11 blink frogs
  2 shadows
  29 yaks
  2 redbacks (Lair:4)
  6 wyverns
  4 water elementals (D:11)
  5 wraiths (Swamp:1)
  A vampire (D:10)
  2 basilisks
  6 fire bats (Volcano)
  A steam dragon (Volcano)
  An acid dragon (D:11)
  3 swamp worms
  11 porcupines
  11 water moccasins
  2 soldier ants
  5 orc warriors
  2 swamp drakes (Swamp:1)
  3 sky beasts
  A phantom (D:8)
  A black bear (D:10)
  A necrophage (D:5)
  6 ogres
  4 centaurs
  4 wolves (Lair:3)
  23 crocodiles
  A big kobold (Sewer)
  8 bullfrogs
  2 scorpions
  9 killer bees (D:8)
  4 howler monkeys
  6 electric eels
  6 crimson imps
  2 bullfrog zombies
  A centaur zombie (D:5)
  4 hounds
  3 jellies
  7 orc wizards
  5 orc priests
  A bullfrog skeleton (D:10)
  5 centaur skeletons
  2 iguanas
  12 worker ants
  2 worker ant zombies
  3 gnolls (D:4)
  11 adders
  4 river rats
  2 oozes (Lair:5)
  3 worms
  3 adder skeletons
  A dart slug (D:1)
  7 leopard geckos
  28 orcs
  12 ball pythons
  2 bats
  4 giant cockroaches
  5 goblins
  10 hobgoblins
  14 jackals
  20 kobolds
  2 quokkas
  7 frilled lizards
  33 rats
  A bush (Lair:1)
  2 plants
533 creatures vanquished.

Vanquished Creatures (others)
  A catoblepas (D:8)
  A wolf spider (D:8)
  A shadow (Swamp:1)
  A steam dragon (Volcano)
  2 swamp drakes (Swamp:1)
  An orc (D:11)
  2 fungi (Lair:1)
  32 plants
41 creatures vanquished.

Grand Total: 574 creatures vanquished

Notes
Turn   | Place    | Note
-------+----------+-------------------------------------------
     0 | D:1      | MalarOregon the Merfolk Gladiator began the quest for the
                  | Orb.
     0 | D:1      | Reached XP level 1. HP: 16/16 MP: 1/1
    89 | D:1      | Reached XP level 2. HP: 19/23 MP: 2/2
   867 | D:2      | Reached XP level 3. HP: 23/28 MP: 3/3
  1114 | D:2      | Reached skill level 5 in Polearms
  1570 | D:2      | Found a shattered altar of Ashenzari.
  1574 | D:2      | Saw a vision of the Swamp and the Spider Nest.
  1574 | D:2      | Noticed a bullfrog
  1574 | D:2      | Noticed a swamp drake
  1574 | D:2      | Noticed a swamp drake
  1574 | D:2      | Noticed an alligator
  1574 | D:2      | Noticed a redback
  1574 | D:2      | Noticed a redback
  1574 | D:2      | Noticed a bullfrog
  1574 | D:2      | Noticed a swamp drake
  1775 | D:3      | Reached XP level 4. HP: 24/34 MP: 4/4
  2173 | D:3      | Noticed Grinder
  2235 | D:4      | Reached skill level 5 in Dodging
  2353 | D:4      | Reached XP level 5. HP: 41/41 MP: 5/5
  2571 | D:4      | Found a glowing drain.
  2585 | Sewer    | Entered a sewer
  2902 | Sewer    | Noticed a big kobold
  3041 | Sewer    | Killed a big kobold
  3041 | Sewer    | Reached XP level 6. HP: 28/48 MP: 6/6
  4047 | D:4      | Reached skill level 6 in Dodging
  4769 | D:3      | Paralysed by Grinder for 6 turns
  4788 | D:3      | Killed Grinder
  4788 | D:3      | Reached XP level 7. HP: 31/55 MP: 7/7
  5025 | D:5      | Entered Level 5 of the Dungeon
  5066 | D:5      | Found a white marble altar of Elyvilon.
  5067 | D:5      | Noticed an angel
  5073 | D:5      | Found a runed door.
  5258 | D:5      | Found a staircase to the Ecumenical Temple.
  5408 | D:5      | Reached skill level 5 in Fighting
  5408 | D:5      | Reached skill level 7 in Dodging
  5455 | D:5      | Reached XP level 8. HP: 61/62 MP: 8/8
  5972 | Temple   | Entered the Ecumenical Temple
  6091 | Temple   | Became a worshipper of Zin the Law-Giver
  6091 | Temple   | Reached * piety under Zin
  6410 | D:6      | Reached skill level 5 in Throwing
  6599 | D:5      | Reached ** piety under Zin
  7082 | D:6      | Reached skill level 8 in Dodging
  7394 | D:7      | Reached XP level 9. HP: 47/69 MP: 9/9
  7608 | D:7      | Reached *** piety under Zin
  7620 | D:7      | Reached skill level 10 in Polearms
  8976 | D:8      | Reached **** piety under Zin
  9002 | D:8      | Reached skill level 9 in Dodging
  9301 | D:8      | Noticed a wolf spider
  9304 | D:8      | Noticed a catoblepas
  9310 | D:8      | Killed a wolf spider
  9342 | D:8      | Killed a catoblepas
  9342 | D:8      | Reached XP level 10. HP: 59/79 MP: 10/10
  9443 | D:8      | Found an ornate altar of the Wu Jian Council.
  9444 | D:8      | Found an ornate altar of the Wu Jian Council.
 10752 | D:9      | Found a sacrificial altar of Ru.
 10791 | D:9      | Found a shimmering altar of Xom.
 10882 | D:9      | Noticed a two-headed ogre
 10890 | D:9      | Killed a two-headed ogre
 10890 | D:9      | Reached skill level 10 in Dodging
 10998 | D:9      | Noticed a two-headed ogre
 11009 | D:9      | Killed a two-headed ogre
 11049 | D:9      | Noticed a two-headed ogre
 11067 | D:9      | Killed a two-headed ogre
 11223 | D:10     | Entered Level 10 of the Dungeon
 11442 | D:10     | Reached XP level 11. HP: 87/87 MP: 11/11
 11478 | D:10     | Reached ***** piety under Zin
 11795 | D:10     | Noticed an unseen horror
 11806 | D:10     | Killed an unseen horror
 11806 | D:10     | Reached skill level 11 in Dodging
 11834 | D:10     | Noticed a deep elf mage
 12225 | D:10     | Killed a deep elf mage
 12730 | D:11     | Found a staircase to the Lair.
 12938 | D:11     | Got a translucent chain mail
 12978 | D:11     | Noticed a deep troll
 12994 | D:11     | Noticed an iron troll
 13042 | D:11     | Killed a deep troll
 13044 | D:11     | Reached skill level 12 in Dodging
 13135 | D:11     | Reached skill level 10 in Fighting
 13244 | D:11     | Killed an iron troll
 13868 | D:11     | Reached XP level 12. HP: 98/98 MP: 12/12
 14513 | Lair:1   | Entered Level 1 of the Lair of Beasts
 15002 | Lair:1   | Reached skill level 10 in Throwing
 15064 | Lair:1   | Noticed a seven-headed hydra
 15096 | Lair:1   | Killed a seven-headed hydra
 15096 | Lair:1   | Reached skill level 13 in Dodging
 15514 | Lair:1   | Found the +3 warlock's mirror {reflect}
 17145 | Lair:2   | Found a dark tunnel.
 17151 | Volcano  | Entered a volcano
 17391 | Volcano  | Identified the +5 chain mail "Xylupya" {+Blink rPois Str+4
                  | Int-3} (You found it on level 11 of the Dungeon)
 17396 | Volcano  | Noticed a two-headed ogre
 17409 | Volcano  | Reached skill level 14 in Dodging
 17414 | Volcano  | Killed a two-headed ogre
 17414 | Volcano  | Reached skill level 1 in Shields
 17458 | Volcano  | Reached skill level 1 in Invocations
 17458 | Volcano  | Reached skill level 1 in Evocations
 17534 | Volcano  | Reached skill level 1 in Spellcasting
 17846 | Volcano  | Noticed a two-headed ogre
 17859 | Volcano  | Killed a two-headed ogre
 17886 | Volcano  | Noticed a two-headed ogre
 17893 | Volcano  | Killed a two-headed ogre
 18074 | Volcano  | Reached XP level 13. HP: 101/107 MP: 14/16
 18144 | Volcano  | Noticed a fire dragon
 18180 | Volcano  | Killed a fire dragon
 19317 | Lair:3   | Noticed Sonja
 19325 | Lair:3   | Killed Sonja
 19367 | Lair:3   | Reached ****** piety under Zin
 19419 | Lair:3   | Found a staircase to the Swamp.
 19697 | Lair:3   | Found a hazy altar of Hepliaklqana.
 20610 | Lair:4   | Reached skill level 5 in Invocations
 20648 | Lair:4   | Reached skill level 15 in Dodging
 21035 | Lair:4   | Learned a level 1 spell: Summon Butterflies
 21039 | Lair:4   | Learned a level 3 spell: Call Canine Familiar
 21044 | Lair:4   | Learned a level 4 spell: Summon Ice Beast
 21052 | Lair:4   | Learned a level 7 spell: Summon Hydra
 21201 | Lair:4   | Found a hole to the Spider Nest.
 21823 | Lair:4   | Reached skill level 5 in Evocations
 21886 | Lair:4   | Reached XP level 14. HP: 42/116 MP: 7/21
 21891 | Lair:4   | Reached skill level 1 in Summonings
 21891 | Lair:4   | Reached skill level 1 in Ice Magic
 22274 | Lair:5   | Found a runed door.
 22274 | Lair:5   | Found a viscous altar of Jiyva.
 22278 | Lair:5   | Found a staircase to the Slime Pits.
 22354 | Lair:5   | Reached skill level 5 in Spellcasting
 22468 | Lair:5   | Identified the Papyrus of Entrancing Flames
 22977 | Lair:6   | Entered Level 6 of the Lair of Beasts
 24442 | Lair:6   | Found a snail-covered altar of Cheibriados.
 24730 | Lair:6   | Found a runed door.
 25512 | Swamp:1  | Entered Level 1 of the Swamp
 25697 | Swamp:1  | Noticed Roxanne
 25705 | Swamp:1  | Reached XP level 15. HP: 124/124 MP: 24/24
 25786 | Swamp:1  | Killed Roxanne
 25930 | Swamp:1  | Got a faintly glowing iron ring
 25932 | Swamp:1  | Identified the ring "Vicyhe Caxa" {rCorr rElec Int+4 Dex+6
                  | Stlth+} (You found it on level 1 of the Swamp)
 26005 | Swamp:1  | Reached skill level 16 in Dodging
 26050 | Swamp:1  | Reached skill level 1 in Armour
 26278 | Swamp:1  | Reached skill level 5 in Ice Magic
 26408 | Swamp:1  | Noticed Josephine
 26427 | Swamp:1  | Killed Josephine
 26745 | Swamp:1  | Mangled by a very large slime creature

Skill      XL: |  1  2  3  4  5  6  7  8  9 10 11 12 13 14 15 |
---------------+----------------------------------------------+-----
Polearms       | 5 6 7 9 11 13 14 | 14.0
Fighting       | 3 4 5 6 7 8 10 11 12 13 | 13.6
Dodging        | 5 6 7 8 9 10 12 14 15 16 | 16.0
Throwing       | 3 4 5 6 7 9 10 | 10.0
Shields        | 3 4 |  4.0
Invocations    | 2 5 7 |  7.8
Evocations     | 2 5 6 7 |  7.0
Spellcasting   | 2 4 6 |  6.5
Summonings     | 4 |  4.7
Ice Magic      | 4 5 |  5.2
Armour         | 1 |  1.5

Action                   |  1- 3 |  4- 6 |  7- 9 | 10-12 | 13-15 || total
-------------------------+-------+-------+-------+-------+-------++-------
Melee: Trident           |   134 |   355 |   438 |   971 |  1500 ||  3398
       Tailslap          |       |     8 |       |     6 |    26 ||    40
       Spear             |       |       |   115 |       |       ||   115
 Fire: Blowgun           |       |     2 |       |       |       ||     2
Throw: Throwing net      |       |     1 |       |     2 |       ||     3
       Stone             |       |       |     2 |    84 |    12 ||    98
       Javelin           |       |       |       |    14 |     9 ||    23
       Tomahawk          |       |       |       |       |    19 ||    19
Invok: Recite            |       |       |     4 |     3 |       ||     7
       Vitalisation      |       |       |       |     1 |     1 ||     2
Evoke: Wand              |       |     4 |     2 |    54 |    17 ||    77
  Use: Potion            |       |     3 |     1 |     6 |     5 ||    15
       Scroll            |       |     2 |     7 |    15 |     6 ||    30
 Stab: Sleeping          |     3 |       |       |       |       ||     3
       Confused          |       |       |     7 |       |     4 ||    11
       Distracted        |       |       |     1 |       |       ||     1
       Paralysed         |       |       |       |    34 |    10 ||    44
       Held in net/web   |       |       |       |     2 |       ||     2
       Invisible         |       |       |       |     1 |       ||     1
       Petrified         |       |       |       |       |    12 ||    12
  Eat: Chunk             |     3 |     9 |    15 |     7 |    26 ||    60
       Ration            |       |       |       |     6 |     1 ||     7
Armor: Leather armour    |    12 |       |       |       |       ||    12
       Chain mail        |    38 |   126 |   120 |    36 |   251 ||   571
       Skin              |       |    14 |       |       |       ||    14
       Plate armour      |       |       |       |   101 |       ||   101
Dodge: Dodged            |    49 |   118 |   256 |   308 |   823 ||  1554
Block: Buckler           |       |       |       |    22 |   438 ||   460
       Reflection        |       |       |       |     1 |     3 ||     4
